 Dungeon Crawl Stone Soup version 0.28.0-43-g3370ac3207 (webtiles) character file.

Game seed: 13934850985135861902

83152 pkoi the Brawler (level 15, -5/198 (207) HPs)
             Began as a Yellow Draconian Monk on Mar 1, 2022.
             Was a High Priest of Sif Muna.
             Slain by a jumping spider (10 damage)
             ... on level 1 of the Spider Nest.
             The game lasted 00:50:48 (31756 turns).

pkoi the Brawler (Yellow Draconian Monk)           Turns: 31756, Time: 00:50:48

HP:   -5/198 (207)  AC: 14    Str: 15    XL:     15   Next: 31%
MP:   21/21         EV: 18    Int: 16    God:    Sif Muna [*****.]
Gold: 2631          SH:  0    Dex: 14    Spells: 12/26 levels left

rFire   . . .      SeeInvis .     - Unarmed
rCold   + . .      Faith    .   (no shield)
rNeg    . . .      Spirit   .   (armour unavailable)
rPois   +          Reflect  .   (helmet restricted)
rElec   .          Harm     .   (no cloak)
rCorr   +          Rampage  .   m - +2 pair of gloves
Will    +....                   Q - +1 pair of boots "Pohus" {rCorr Slay+3 Stlth+}
Stlth   ..........              i - amulet of magic regeneration
HPRegen 0.43/turn               a - +4 ring of slaying
MPRegen 0.57/turn               v - +4 ring of slaying

@: berserking, lethally poisoned (-5 -> -32), short of breath, studying 2
skills, lightly drained, very quick
A: spit acid, AC +9, unfitting armour, acidic bite, cold-blooded, acid
resistance, cold resistance 1, low MP 1, poison resistance
a: Breathe Acid, Renounce Religion, Channel Magic, Forget Spell, Divine Exegesis


You were on level 1 of the Spider Nest.
You worshipped Sif Muna.
Sif Muna was extremely pleased with you.
You visited 4 branches of the dungeon, and saw 20 of its levels.
You also visited: Bailey, Gauntlet and Ice Cave.

You collected 2631 gold pieces.

Inventory:

Hand Weapons
 b - a +0 whip
Missiles
 h - 66 poisoned darts (quivered)
 n - 2 throwing nets
 y - 2 curare-tipped darts
Armour
 m - a +2 pair of gloves (worn)
 L - the +1 pair of boots "Lies" {rElec Dex+4}
   (You found it on level 6 of the Lair of Beasts)

   Dex:       It affects your dexterity (+4).
   rElec:     It insulates you from electricity.
 Q - the +1 pair of boots "Pohus" (worn) {rCorr Slay+3 Stlth+}
   (You found it in a Gauntlet)

   Slay:      It affects your accuracy & damage with ranged weapons and melee
   (+3).
   rCorr:     It protects you from acid and corrosion.
   Stlth:     It makes you more stealthy.
Jewellery
 a - a +4 ring of slaying (left hand)
 c - the ring of Paboadeo {EV+4 Str+9}
   (You found it on level 4 of the Dungeon)

   [ring of evasion]

   EV:        It affects your evasion (+4).
   Str:       It affects your strength (+9).
 i - an amulet of magic regeneration (around neck)
 k - a ring of protection from fire
 l - a ring of ice
 p - a ring of see invisible
 t - a ring of willpower
 v - a +4 ring of slaying (right hand)
 O - a ring of flight
Wands
 j - a wand of polymorph (23)
 o - a wand of acid (28)
 q - a wand of charming (9)
 C - a wand of flame (43)
 H - a wand of iceblast (13)
 R - a wand of mindburst (6)
Scrolls
 d - 3 scrolls of identify
 e - 4 scrolls of amnesia
 r - 3 scrolls of enchant armour
 s - 6 scrolls of teleportation
 u - 2 scrolls of fear
 x - 2 scrolls of blinking
 E - 2 scrolls of holy word
 G - 2 scrolls of fog
 J - 3 scrolls of enchant weapon
 K - a scroll of silence
Potions
 f - 2 potions of ambrosia
 g - 6 potions of curing
 w - a potion of might
 z - 2 potions of haste
 A - 3 potions of lignification
 B - a potion of magic
 D - a potion of cancellation
 F - 3 potions of flight
 I - 2 potions of resistance
 P - 3 potions of brilliance
Miscellaneous
 U - a tin of tremorstones (2/2)


   Skills:
 - Level 14.0 Fighting
 - Level 12.0 Dodging
 - Level 3.0 Stealth
 + Level 18.8 Unarmed Combat
 - Level 6.0 Spellcasting
 - Level 3.0 Summonings
 - Level 3.0 Translocations
 + Level 5.4 Transmutations
 + Level 7.8 Ice Magic


You had 12 spell levels left.
You knew the following spells:

 Your Spells              Type           Power      Damage    Failure   Level
a - Summon Small Mammal   Summ           56%        N/A       4%          1
b - Frozen Ramparts       Ice            58%        1d7       1%          3
c - Blade Hands           Tmut           11%        N/A       38%         5
d - Ice Form              Ice/Tmut       25%        N/A       9%          4
e - Apportation           Tloc           28%        N/A       4%          1

Your spell library contained the following spells:

 Spells                   Type           Power      Damage    Failure   Level
 Beastly Appendage        Tmut           44%        N/A       1%          1
 Freeze                   Ice            100%       1d11      1%          1
 Ozocubu's Armour         Ice            29%        N/A       1%          3
 Wereblood                Tmut           22%        N/A       2%          2
 Call Imp                 Summ           14%        N/A       6%          2
 Gell's Gravitas          Tloc           14%        N/A       12%         3
 Lesser Beckoning         Tloc           14%        N/A       12%         3
 Teleport Other           Tloc           14%        N/A       12%         3
 Foxfire                  Conj/Fire      16%        2x1d4     14%         1
 Magic Dart               Conj           16%        1d3       14%         1
 Shock                    Conj/Air       16%        1d4       14%         1
 Slow                     Hex            16%        N/A       14%         1
 Spider Form              Tmut/Pois      13%        N/A       14%         3
 Summon Ice Beast         Ice/Summ       22%        N/A       16%         4
 Corpse Rot               Necr/Air       8%         N/A       21%         2
 Scorch                   Fire           8%         2d5       21%         2
 Searing Ray              Conj           8%         2d4       21%         2
 Static Discharge         Conj/Air       4%         N/A       21%         2
 Sublimation of Blood     Necr           4%         N/A       21%         2
 Portal Projectile        Hex/Tloc       18%        N/A       22%         3
 Hailstorm                Conj/Ice       17%        3d6       28%         4
 Confusing Touch          Hex            4%         N/A       38%         3
 Conjure Flame            Conj/Fire      4%         6-21      38%         3
 Mephitic Cloud           Conj/Pois/Air  4%         N/A       38%         3
 Vampiric Draining        Necr           4%         2d6       38%         3
 Petrify                  Tmut/Erth      13%        N/A       41%         4
 Iskenderun's Mystic Bla  Conj/Tloc      9%         2d4       58%         4
 Irradiate                Conj/Tmut      6%         3d15      77%         5
 Cause Fear               Hex            2%         N/A       80%         4
 Dispel Undead            Necr           4%         3d7       80%         4
 Flame Wave               Conj/Fire      4%         2d5       80%         4
 Fulminant Prism          Conj/Hex       2%         3d6       80%         4
 Leda's Liquefaction      Hex/Erth       2%         N/A       80%         4
 Olgreb's Toxic Radiance  Pois           4%         N/A       80%         4
 Lee's Rapid Deconstruct  Erth           2%         3d5*      98%         5
 Lightning Bolt           Conj/Air       2%         1d13      98%         5
 Dispersal                Tloc           7%         N/A       99%         6
 Simulacrum               Ice/Necr       8%         N/A       99%         6
 Summon Cactus Giant      Summ           7%         N/A       99%         6
 Ozocubu's Refrigeration  Ice            14%        4d7       99%         7
 Death Channel            Necr           2%         N/A       100%        6
 Statue Form              Tmut/Erth      8%         N/A       100%        6
 Dragon Form              Tmut           11%        N/A       100%        7
 Summon Hydra             Summ           7%         N/A       100%        7
 Disjunction              Tloc           7%         N/A       100%        8
 Ignition                 Fire           2%         3d3       100%        8
 Maxwell's Capacitive Co  Air            2%         ∞         100%        8
 Chain Lightning          Conj/Air       2%         3d2       100%        9
 Dragon's Call            Summ           7%         N/A       100%        9
 Fire Storm               Conj/Fire      2%         8d1       100%        9


Dungeon Overview and Level Annotations

Branches:
Dungeon (12/15)            Temple (1/1) D:6            Lair (6/6) D:9
 Shoals (0/4) Lair:2       Spider (1/4) Lair:2        Slime (0/5) Lair:6
    Orc (0/2) D:9          Bailey (visited)           IceCv (visited)
Gauntlet (visited)

Altars:
Ashenzari
Cheibriados
Dithmenos
Elyvilon
Fedhas
Gozag
Hepliaklqana
Kikubaaqudgha
Makhleb
Nemelex Xobeh
Okawaru
Qazlal
Ru
Sif Muna
Trog
Uskayaw
Vehumet
Wu Jian
Xom
Yredelemnul
Zin
The Shining One

Annotations:
D:5 3 runed translucent doors, boopmooplesden's ghost, amateur MiFi
D:8 1 runed translucent door, mrw3rdna's ghost, novice OgFE


Innate Abilities, Weirdness & Mutations

You can spit globs of acid.
Your golden yellow scales are hard. (AC +9)
You cannot fit into any form of body armour.
You have acidic saliva.
You are cold-blooded and may be slowed by cold attacks.
You are resistant to acid. (rCorr)
Your flesh is cold resistant. (rC+)
Your magical capacity is low. (-10% MP)
Your system is resistant to poisons. (rPois)


Message History

Unknown command.
You hit the jumping spider.
The jumping spider is almost dead.
The jumping spider pounces on you.
* * * LOW HITPOINT WARNING * * *
You are caught in a web!
The jumping spider bites you but does no damage.
Unknown command.
Press: ? - help, Shift-Dir - straight line, f - jorogumo
Aim: a jorogumo (52% to hit)
You spit a glob of acid.
The glob of acid hits the jorogumo!
The acid corrodes the jorogumo!
The acid splashes onto the jumping spider!
The jumping spider is splashed with acid.
You kill the jumping spider!
Sif Muna accepts your kill.
The jorogumo is lightly wounded.
The jumping spider leaps!
The jorogumo hits you.
* * * LOW HITPOINT WARNING * * *
You are poisoned.
The jorogumo barely misses you.
Unknown command.
The web tears apart.
You feel very sick. The jorogumo hits you!!
* * * LOW HITPOINT WARNING * * *
The orb spider spins a strand of pure energy.
Unknown command.
You feel much better.
You feel very sick.
The jumping spider leaps!
The jorogumo hits you!!
* * * LOW HITPOINT WARNING * * *
You are more poisoned.
The jumping spider leaps!
A red film seems to cover your vision as you go berserk!
You feel yourself moving faster!
You feel mighty!
* * * LOW HITPOINT WARNING * * *
You feel extremely sick. The jumping spider pounces on you!
You die...

#### #..#
#†.##
##@.#
#####
#Hs#.s....
#.........
#..s......
#..○.°....
#.........
#.........
..........
....>.....


You could see a jorogumo (corroded), an orb spider (charged) and a jumping
spider.

Vanquished Creatures
  Kirke (Lair:6)
  An azure jelly (IceCv)
  2 quicksilver oozes (IceCv)
  A minotaur (Gauntlet)
  Snorg (D:12)
  Fannar (D:12)
  Erolcha (D:9)
  8 hydras
  An anaconda (Lair:6)
  4 two-headed ogres
  A death knight (D:12)
  16 death yaks
  Urug (Lair:5)
  Nergalle (Lair:3)
  9 skeletal warriors
  2 wizards (Gauntlet)
  An oklob plant (Gauntlet)
  A manticore (Lair:5)
  2 elephants (Lair:5)
  A cyclops (D:12)
  2 ice statues (IceCv)
  5 black mambas
  2 gargoyles
  15 cane toads
  7 rime drakes (Lair:5)
  A kobold demonologist (D:7)
  9 komodo dragons
  A freezing wraith (D:12)
  4 trolls
  A meliai (Lair:2)
  12 polar bears
  The ghost of Tayschli the Covered, an amateur HuFi (D:3)
  4 hornets
  16 blink frogs
  17 slime creatures (IceCv)
  3 jumping spiders
  A snapping turtle (Lair:2)
  2 culicivoras
  3 wraiths
  63 yaks
  3 hogs (Lair:5)
  9 wyverns
  4 basilisks
  13 vampire mosquitoes
  3 steam dragons
  4 wargs (Lair:6)
  3 acid dragons
  4 demonic crawler simulacra (IceCv)
  9 water moccasins
  19 hell hounds
  12 black bears
  An ice beast (D:9)
  A sky beast (D:5)
  4 ugly thing simulacra (IceCv)
  An ogre (D:5)
  30 wolves
  10 orc warriors
  5 centaurs
  A phantom (D:7)
  Blork the orc (D:5)
  4 kobold brigands
  12 bullfrogs
  A gnoll sergeant (D:6)
  A scorpion (Lair:1)
  3 glowing shapeshifter simulacra (IceCv)
  A water moccasin skeleton (D:6)
  22 killer bees
  5 wights (D:7)
  7 howler monkeys
  An electric eel (Lair:2)
  A bullfrog zombie (D:5)
  2 centaur zombies
  6 jellies
  2 quasits (D:3)
  5 hounds
  8 orc priests
  A bullfrog skeleton (D:7)
  A centaur skeleton (D:4)
  3 iguanas
  15 orc wizards
  A scorpion zombie (D:5)
  4 hell rats (Lair:5)
  A killer bee zombie (D:5)
  A centaur simulacrum (D:9)
  A howler monkey skeleton (D:7)
  5 gnolls
  6 adders
  2 shadow imps (Gauntlet)
  3 white imps
  An ufetubus (D:5)
  An adder zombie (D:5)
  2 worms
  5 dart slugs
  42 orcs
  9 ball pythons
  5 bats
  10 endoplasms
  4 giant cockroaches
  5 hobgoblins
  6 jackals
  5 quokkas
  2 frilled lizards
  7 goblins
  26 kobolds
  4 rats
621 creatures vanquished.

Vanquished Creatures (others)
  2 white imps (Gauntlet)
  10 bushes (D:12)
  52 fungi
  85 plants
149 creatures vanquished.

Grand Total: 770 creatures vanquished

Notes
Turn   | Place    | Note
-------+----------+-------------------------------------------
     0 | D:1      | pkoi the Draconian Monk began the quest for the Orb.
     0 | D:1      | Reached XP level 1. HP: 19/19 MP: 1/1
   242 | D:1      | Reached XP level 2. HP: 18/26 MP: 2/2
   462 | D:1      | Reached skill level 4 in Unarmed Combat
   484 | D:1      | Reached XP level 3. HP: 22/31 MP: 3/3
  1442 | D:2      | Reached XP level 4. HP: 38/38 MP: 4/4
  1464 | D:2      | Reached skill level 5 in Unarmed Combat
  1791 | D:3      | Found a transporter.
  1988 | D:3      | Found a transporter.
  1989 | D:3      | Found a hide-covered altar of Uskayaw.
  2048 | D:3      | Found a shimmering altar of Xom.
  2097 | D:3      | Gained mutation: Your flesh is cold resistant. (rC+)
                  | [potion of mutation]
  2097 | D:3      | Gained mutation: Your magical capacity is low. (-10% MP)
                  | [potion of mutation]
  2097 | D:3      | Gained mutation: Your system is resistant to poisons.
                  | (rPois) [potion of mutation]
  2309 | D:3      | Found a basalt altar of Yredelemnul.
  2310 | D:3      | Found a bloodstained altar of Trog.
  2324 | D:3      | Reached XP level 5. HP: 41/45 MP: 4/4
  2326 | D:3      | Found a snail-covered altar of Cheibriados.
  2364 | D:3      | Noticed Tayschli's ghost (amateur HuFi)
  2477 | D:3      | Found a radiant altar of Vehumet.
  2481 | D:3      | Reached skill level 6 in Unarmed Combat
  2487 | D:3      | Found an ancient bone altar of Kikubaaqudgha.
  2534 | D:3      | Found a shimmering blue altar of Sif Muna.
  2545 | D:3      | Reached XP level 6. HP: 46/51 MP: 5/5
  2547 | D:3      | Got Sif Muna's Incunabulum of Creation
  3085 | D:4      | Identified the ring of Paboadeo {EV+4 Str+9}
  3469 | D:4      | Found a white marble altar of Elyvilon.
  3586 | D:5      | Entered Level 5 of the Dungeon
  3586 | D:5      | Noticed a water moccasin
  3592 | D:5      | Killed a water moccasin
  3593 | D:5      | Reached skill level 7 in Unarmed Combat
  3593 | D:5      | Your scales start taking on a golden yellow colour.
  3593 | D:5      | Reached XP level 7. HP: 59/59 MP: 6/6
  3593 | D:5      | Gained mutation: You are resistant to acid. (rCorr) [Yellow
                  | Draconian growth]
  3642 | D:3      | Became a worshipper of Sif Muna the Loreminder
  3642 | D:3      | Reached * piety under Sif Muna
  3642 | D:3      | Reached ** piety under Sif Muna
  3719 | D:5      | Noticed a yak
  3719 | D:5      | Noticed a yak
  3720 | D:5      | Noticed a yak
  3723 | D:5      | Noticed a yak
  3723 | D:5      | Noticed a yak
  3724 | D:5      | Noticed a yak
  3740 | D:4      | Killed a yak
  4280 | D:4      | Learned a level 1 spell: Summon Small Mammal
  4292 | D:4      | Reached skill level 5 in Fighting
  4414 | D:5      | Reached XP level 8. HP: 65/68 MP: 6/8
  4483 | D:5      | Reached skill level 8 in Unarmed Combat
  4483 | D:5      | Reached skill level 1 in Summonings
  4528 | D:5      | Reached skill level 1 in Spellcasting
  5268 | D:5      | Noticed Blork the orc
  5276 | D:5      | Killed Blork the orc
  5327 | D:5      | Found a runed translucent gate.
  5328 | D:5      | Found a runed translucent gate.
  5328 | D:5      | Found a runed translucent gate.
  5330 | D:5      | Noticed boopmooplesden's ghost (amateur MiFi)
  5381 | D:5      | Reached skill level 5 in Dodging
  5381 | D:5      | Reached skill level 9 in Unarmed Combat
  5381 | D:5      | Reached XP level 9. HP: 47/75 MP: 11/11
  5731 | D:6      | Found an iron altar of Okawaru.
  5799 | D:6      | Found a staircase to the Ecumenical Temple.
  5810 | Temple   | Entered the Ecumenical Temple
  6832 | D:6      | Reached *** piety under Sif Muna
  6843 | D:6      | Reached skill level 10 in Unarmed Combat
  7395 | D:6      | Found an ornate altar of the Wu Jian Council.
  7848 | D:7      | Noticed a kobold demonologist
  7855 | D:7      | Noticed a rust devil
  7855 | D:7      | Killed a kobold demonologist
  7858 | D:7      | Noticed a gargoyle
  7859 | D:7      | Noticed a troll
  7884 | D:7      | Killed a troll
  7885 | D:7      | Reached skill level 11 in Unarmed Combat
  7890 | D:7      | Killed a gargoyle
  7891 | D:7      | Reached XP level 10. HP: 12/83 MP: 13/13
  9361 | D:8      | Found a runed translucent door.
  9371 | D:8      | Identified the +4 trident "Beetlebane" {freeze, Str+5}
  9423 | D:8      | Reached **** piety under Sif Muna
  9424 | D:8      | Reached skill level 12 in Unarmed Combat
  9510 | D:8      | Found a flagged portal.
  9525 | Bailey   | Entered a bailey
 10260 | D:8      | Noticed mrw3rdna's ghost (novice OgFE)
 10534 | D:9      | Noticed Erolcha
 10543 | D:9      | Reached skill level 13 in Unarmed Combat
 10684 | D:9      | Killed Erolcha
 10685 | D:9      | Reached XP level 11. HP: 69/89 MP: 13/13
 10770 | D:9      | Noticed a death yak
 10787 | D:8      | Killed a death yak
 11010 | D:9      | Noticed a two-headed ogre
 11016 | D:9      | Killed a two-headed ogre
 11039 | D:9      | Found a shadowy altar of Dithmenos.
 11829 | D:9      | Reached skill level 14 in Unarmed Combat
 11958 | D:9      | Found a staircase to the Lair.
 11996 | D:9      | Found a staircase to the Orcish Mines.
 12066 | D:9      | Identified the +0 broad axe "Otypel" {holy, Drain rC++ rN+
                  | Will+++}
 12601 | D:3      | Killed Tayschli's ghost
 12852 | Lair:1   | Entered Level 1 of the Lair of Beasts
 13253 | Lair:1   | Noticed a four-headed hydra
 13260 | Lair:1   | Killed a four-headed hydra
 13277 | Lair:1   | Reached ***** piety under Sif Muna
 14167 | Lair:2   | Noticed a death yak
 14170 | Lair:2   | Noticed a death yak
 14170 | Lair:2   | Noticed a death yak
 14189 | Lair:1   | Killed a death yak
 14190 | Lair:1   | Reached XP level 12. HP: 58/101 MP: 14/14
 14356 | Lair:2   | Noticed a death yak
 14358 | Lair:2   | Noticed a death yak
 14368 | Lair:1   | Killed a death yak
 14369 | Lair:1   | Reached skill level 15 in Unarmed Combat
 14384 | Lair:1   | Killed a death yak
 14576 | Lair:1   | Killed a death yak
 14822 | Lair:2   | Found a hole to the Spider Nest.
 15200 | Lair:2   | Killed a death yak
 15350 | Lair:2   | Found a staircase to the Shoals.
 15503 | Lair:3   | Noticed a death yak
 15503 | Lair:3   | Noticed a death yak
 15504 | Lair:3   | Noticed a death yak
 15505 | Lair:3   | Noticed a death yak
 15516 | Lair:2   | Killed a death yak
 15517 | Lair:2   | Reached skill level 10 in Dodging
 15716 | Lair:2   | Received a gift from Sif Muna
 15727 | Lair:2   | Killed a death yak
 15735 | Lair:2   | Got Sif Muna's Handbook of the Earthen Birds {god gift}
 15981 | Lair:3   | Reached skill level 16 in Unarmed Combat
 16023 | Lair:2   | Killed a death yak
 16351 | Lair:3   | Identified a scroll of acquirement
 16410 | Lair:3   | Acquired a manual of Fighting
 16588 | Lair:3   | Killed a death yak
 16698 | Lair:3   | Noticed Nergalle
 16926 | Lair:3   | Killed Nergalle
 17065 | Lair:3   | Noticed a seven-headed hydra
 17073 | Lair:3   | Killed a seven-headed hydra
 17343 | Lair:3   | Reached XP level 13. HP: 113/113 MP: 15/15
 17343 | Lair:3   | Acquired 1061 gold pieces
 17718 | Lair:4   | Reached skill level 10 in Fighting
 18422 | Lair:3   | Reached skill level 17 in Unarmed Combat
 18714 | Lair:4   | Learned a level 3 spell: Frozen Ramparts
 18769 | Lair:3   | Reached skill level 1 in Ice Magic
 19233 | Lair:5   | Noticed Urug
 19243 | Lair:5   | Killed Urug
 20573 | Lair:5   | Received a gift from Sif Muna
 20590 | Lair:5   | Got Sif Muna's Volume of Transmutation and the Voyage {god
                  | gift}
 22799 | Lair:6   | Entered Level 6 of the Lair of Beasts
 22823 | Lair:6   | Gained mutation: You have acidic saliva. [Yellow Draconian
                  | growth]
 22823 | Lair:6   | Reached XP level 14. HP: 96/126 MP: 18/18
 23178 | Lair:6   | Noticed Kirke
 23299 | Lair:6   | Killed Kirke
 23371 | Lair:6   | Identified the +12 rapier of the Skies Above {protect, rC+
                  | rN+ Will-}
 23389 | Lair:6   | Reached skill level 18 in Unarmed Combat
 23389 | Lair:6   | Reached skill level 5 in Spellcasting
 24051 | Lair:6   | Identified the +1 pair of boots "Lies" {rElec Dex+4}
 24407 | Lair:6   | Reached skill level 5 in Ice Magic
 24580 | Lair:6   | Found a staircase to the Slime Pits.
 25048 | D:10     | Entered Level 10 of the Dungeon
 25129 | D:10     | Received a gift from Sif Muna
 25134 | D:10     | Got Sif Muna's Almanac of Icy Transmigration {god gift}
 25143 | D:10     | Learned a level 5 spell: Blade Hands
 25581 | D:10     | Reached skill level 1 in Transmutations
 25751 | D:10     | Found a sacrificial altar of Ru.
 25851 | D:11     | Found a frozen archway.
 25862 | IceCv    | Entered an ice cave
 26713 | IceCv    | Learned a level 4 spell: Ice Form
 26949 | IceCv    | Noticed a quicksilver ooze
 26967 | IceCv    | Killed a quicksilver ooze
 27405 | IceCv    | Found a viscous altar of Jiyva.
 27405 | IceCv    | Noticed an azure jelly
 27503 | IceCv    | Killed an azure jelly
 27742 | IceCv    | Identified the +0 ice dragon scales of the Valley {Rampage
                  | rF- rC++ Dex+2}
 27831 | IceCv    | Noticed a quicksilver ooze
 27842 | IceCv    | Killed a quicksilver ooze
 28199 | D:11     | Got the Collected Works on Excruciating Weightlessness
 28353 | D:11     | Received a gift from Sif Muna
 28364 | D:11     | Got Sif Muna's Catalogue of Orientation {god gift}
 28532 | D:11     | Learned a level 1 spell: Apportation
 28639 | D:11     | Reached skill level 1 in Translocations
 29142 | D:11     | Reached XP level 15. HP: 138/138 MP: 21/21
 29257 | D:12     | Found a gate leading to a gauntlet.
 29267 | Gauntlet | Entered a Gauntlet
 29267 | Gauntlet | Found a transporter.
 29286 | Gauntlet | Found a transporter.
 29301 | Gauntlet | Found a transporter.
 29306 | Gauntlet | Found a transporter.
 29321 | Gauntlet | Found a transporter.
 29340 | Gauntlet | Found a transporter.
 29348 | Gauntlet | Found a large runed translucent door.
 29349 | Gauntlet | Found a large runed translucent door.
 29350 | Gauntlet | Found a large runed translucent door.
 29350 | Gauntlet | Found a large runed translucent door.
 29351 | Gauntlet | Found a runed translucent gate.
 29352 | Gauntlet | Found a transporter.
 29352 | Gauntlet | Found a runed translucent gate.
 29353 | Gauntlet | Found a runed translucent gate.
 29354 | Gauntlet | Found a large runed translucent door.
 29354 | Gauntlet | Found a large runed translucent door.
 29355 | Gauntlet | Found a large runed translucent door.
 29356 | Gauntlet | Found a large runed translucent door.
 29364 | Gauntlet | Found a transporter.
 29376 | Gauntlet | Found a transporter.
 29388 | Gauntlet | Found a transporter.
 29405 | Gauntlet | Found a transporter.
 29423 | Gauntlet | Found a transporter.
 29425 | Gauntlet | Found a transporter.
 29455 | Gauntlet | Found a transporter.
 29455 | Gauntlet | Found a transporter.
 29551 | Gauntlet | Found a large runed translucent door.
 29551 | Gauntlet | Found a large runed translucent door.
 29551 | Gauntlet | Found a runed translucent door.
 29551 | Gauntlet | Found a runed translucent door.
 29552 | Gauntlet | Found a large runed translucent door.
 29553 | Gauntlet | Found a large runed translucent door.
 29555 | Gauntlet | Found a transporter.
 29571 | Gauntlet | Found a large runed translucent door.
 29571 | Gauntlet | Found a large runed translucent door.
 29572 | Gauntlet | Found a large runed translucent door.
 29573 | Gauntlet | Found a large runed translucent door.
 29575 | Gauntlet | Found a transporter.
 29730 | Gauntlet | Found a transporter.
 29833 | Gauntlet | Identified the +1 pair of boots "Pohus" {rCorr Slay+3
                  | Stlth+}
 30255 | Gauntlet | Identified the +7 hand axe "Pakkyoc" {spect, Fly rElec rC+}
 30432 | D:12     | Found a blossoming altar of Fedhas.
 30659 | D:12     | Noticed Fannar
 30688 | D:12     | Killed Fannar
 30816 | D:12     | Reached skill level 5 in Transmutations
 31071 | D:12     | Noticed Snorg
 31078 | D:12     | Killed Snorg
 31445 | Spider:1 | Entered Level 1 of the Spider Nest
 31754 | Spider:1 | HP: 3/132 [jorogumo (21)]
 31756 | Spider:1 | Slain by a jumping spider

Illustrated notes

Levels and vault maps discovered:
D:1:      lightli_arrival_maybe_door_vault, layout_basic
D:2:      layout_basic, minmay_circled_x
D:3:      kennysheep_six_static_rooms, layout_rooms,
          palyth_temple_overflow_mages, mainiacjoe_overflow_catwalk, minitemple,
          gammafunk_ghost_stat_death, amcnicky_mini_pool_small
D:4:      layout_cave_pools, lemuel_doored_altar, lightli_corner_chamber
D:5:      layout_loops_ring, ebering_ghost_rock_garden, uniq_blork_the_orc
D:6:      layout_basic, nicolae_wu_jian_glorious_leap,
          kennysheep_okawaru_gauntlet, minmay_temple_entry_gardened_gates
D:7:      layout_basic, minmay_manual_mail
D:8:      layout_cave_pods, enter_bailey_6, ebering_ghost_funeral_grove
D:9:      layout_basic, nicolae_dithmenos_through_a_glass_darkly,
          dpeg_oklobed_lair, david_orc_2, serial_ice, serial_ice_c,
          serial_ice_d, serial_ice_g, serial_ice_l, uniq_erolcha
D:10:     layout_roguey, mainiacjoe_overflow_alcove_4
D:11:     layout_basic, portal_ice_cave_entry_pillars_1
D:12:     layout_basic, gauntlet_entry_generic, skrybe_limestone_x,
          fedhas_bush_and_centaur_altar, uniq_fannar, uniq_snorg
Temple:   nicolae_temple_figure_zero
Lair:1:   layout_regular_city
Lair:2:   layout_chaotic_city, minmay_shoals_entry_hut,
          hellmonk_spider_entry_not_the_bees, serial_bayou_shore_a
Lair:3:   layout_gridlike, grunt_megastairs_4, uniq_nergalle
Lair:4:   layout_cave_shapes, minivault_26, infiniplex_staircase_pool_2
Lair:5:   layout_long_grid, enter_volcano_3, special_room
          [special_room_mythical_zoo], beast_lair_carwin_1, uniq_urug
Lair:6:   hangedman_lair_caniforms_friends, layout_hall_layers,
          nicolae_slime_entry_slimehenge, hibernation_bobbens,
          serial_bayou_shore_b, lemuel_fruit_tree, uniq_kirke
Spider:1: layout_cave_pods, drop_trap, nicolae_crawler_farm

Skill      XL: |  1  2  3  4  5  6  7  8  9 10 11 12 13 14 15 |
---------------+----------------------------------------------+-----
Unarmed Combat | 4 5 6 7 9 11 13 14 16 17 18 | 18.8
Stealth        | 2 3 |  3.0
Dodging        | 3 4 5 6 8 9 10 11 12 | 12.0
Fighting       | 4 5 6 8 9 12 14 | 14.0
Summonings     | 2 3 |  3.0
Spellcasting   | 2 3 4 6 |  6.0
Ice Magic      | 3 6 7 |  7.8
Transmutations | 4 5 |  5.4
Translocations | 1 3 |  3.0

Action                   |  1- 3 |  4- 6 |  7- 9 | 10-12 | 13-15 || total
-------------------------+-------+-------+-------+-------+-------++-------
Melee: Unarmed           |   119 |   114 |   219 |   529 |   835 ||  1816
       Tailslap          |    15 |    13 |    36 |    92 |   149 ||   305
       Punch             |     2 |     2 |    17 |    49 |   124 ||   194
       Bite              |       |       |       |       |    93 ||    93
Throw: Dart              |       |       |       |    14 |     1 ||    15
 Cast: Frozen Ramparts   |       |       |       |       |    11 ||    11
 Abil: Breathe Acid      |       |       |    10 |    25 |    28 ||    63
Evoke: Wand              |       |       |       |       |     3 ||     3
  Use: Scroll            |       |     4 |     2 |    11 |    11 ||    28
       Potion            |       |     3 |     4 |       |     2 ||     9
 Stab: Sleeping          |     5 |     4 |     6 |     5 |     6 ||    26
       Invisible         |       |       |     1 |       |       ||     1
       Distracted        |       |       |       |       |     1 ||     1
Armor: Skin              |    39 |    21 |    53 |   110 |   196 ||   419
Dodge: Dodged            |    90 |    49 |   169 |   370 |   605 ||  1283
